 Dungeon Crawl Stone Soup version 0.22-a0-351-g29664b4 (webtiles) character file.

34 Kairos the Shield-Bearer (level 3, -1/30 HPs)
             Began as a Formicid Fighter on Apr 12, 2018.
             Slain by a gnoll (7 damage)
             ... on level 2 of the Dungeon.
             The game lasted 00:00:40 (594 turns).

Kairos the Shield-Bearer (Formicid Fighter)          Turns: 594, Time: 00:00:41

Health: -1/30      AC:  8    Str: 20    XL:     3   Next: 50%
Magic:  3/3        EV:  8    Int:  8    God:
Gold:   79         SH: 10    Dex: 10    Spells: 2/2 levels left

rFire    . . .     SeeInvis +   a - +0 war axe
rCold    . . .     Gourm    .   c - +1 shield
rNeg     . . .     Faith    .   b - +2 scale mail
rPois    .         Spirit   .   (helmet unavailable)
rElec    .         Reflect  .   (no cloak)
rCorr    .         Harm     .   (no gloves)
MR       .....                  (no boots)
Stlth    ..........             (no amulet)
HPRegen  0.10/turn              (no ring)
MPRegen  0.08/turn              (no ring)

@: no status effects
A: permanent stasis, dig shafts and tunnels, four strong arms, antennae 3
a: Dig, Shaft Self


You were on level 2 of the Dungeon.
You were not hungry.

You visited 1 branch of the dungeon, and saw 2 of its levels.

You collected 79 gold pieces.

Inventory:

Hand Weapons
 a - a +0 war axe (weapon)
Armour
 b - a +2 scale mail (worn)
 c - a +1 shield (worn)
Scrolls
 e - a scroll of amnesia {unknown}
 g - a scroll of magic mapping {unknown}
 h - a scroll of remove curse {unknown}
Potions
 d - a potion of might
Comestibles
 f - a ration


   Skills:
 + Level 3.7 Fighting
 + Level 2.4 Axes
 + Level 3.6 Armour
 + Level 0.2 Dodging
 + Level 4.0 Shields


You had 2 spell levels left.
You didn't know any spells.

Dungeon Overview and Level Annotations

Branches:
Dungeon (2/15)

Altars:
Cheibriados


Innate Abilities, Weirdness & Mutations

You cannot be hasted, slowed, berserked, paralysed or teleported.
You can dig through walls and to a lower floor.
Your four strong arms can wield two-handed weapons with a shield.
You have a pair of large antennae on your head. (SInv)


Message History

The giant cockroach bites you but does no damage.
You block the giant cockroach's attack. You block the gnoll's attack.
The giant cockroach bites you but does no damage. x2
You block the gnoll's attack.
You slash the gnoll!
You kill the gnoll!
Your Shields skill increases to level 4!
You hit the giant cockroach but do no damage.
You hit the giant cockroach.
You kill the giant cockroach!
The giant cockroach bites you but does no damage.
The gnoll barely misses you. You block the giant cockroach's attack.
The gnoll hits you from afar with a halberd!
Your scale mail prevents you from hitting the giant cockroach.
The giant cockroach is moderately wounded.
You hit the gnoll. The gnoll hits you. You block the giant cockroach's attack.
The gnoll hits you from afar with a halberd!
* * * LOW HITPOINT WARNING * * *
The gnoll hits you!
You die...

.......
.<.....
.......
.......
.......
g......
###)(.....
#<@g...#
##.s...#
....#....
##...# .#.
#...#
#####


You could see 2 gnolls and a giant cockroach.

Vanquished Creatures
  A gnoll (D:2)
  An ooze (D:1)
  3 bats
  3 giant cockroaches
  A goblin (D:1)
  A hobgoblin (D:1)
  4 jackals (D:1)
  2 kobolds (D:1)
  A rat (D:2)
17 creatures vanquished.

Notes
Turn   | Place    | Note
-------+----------+-------------------------------------------
     0 | D:1      | Kairos the Formicid Fighter began the quest for the Orb.
     0 | D:1      | Reached XP level 1. HP: 18/18 MP: 1/1
    82 | D:1      | Found a snail-covered altar of Cheibriados.
   128 | D:1      | Reached XP level 2. HP: 24/24 MP: 2/2
   362 | D:1      | Reached XP level 3. HP: 28/29 MP: 3/3
   593 | D:2      | Reached skill level 4 in Shields
   594 | D:2      | Slain by a gnoll

Vault maps used:
D:1:      ncdulo_halloftheorcs, cheibriados_altar_1
D:2:      lemuel_crystal_altar, grunt_ministairs_14, uniq_natasha

Skill      XL: |  1  2  3 |
---------------+----------+-----
Shields        | 4 |  4.0
Fighting       | |  3.7
Axes           | |  2.4
Armour         | |  3.6
Dodging        | |  0.2

Action                   || total
-------------------------++-------
Melee: War axe           ||    44
  Use: Scroll            ||     3
Armor: Scale mail        ||    29
Dodge: Dodged            ||    14
Block: Shield            ||    29

Table legend:
 A = Spawn XP
 B = Non-spawn XP
 C = Spawn XP percentage of total XP
 D = Spawn monster count
 E = Non-spawn monster count
 F = Spawn count percentage of total count
 G = Total turns spent on level
                    A         B        C        D         E        F      G
               +---------+---------+-------+---------+---------+-------+---------
         Total |       0 |      49 |   0.0 |       0 |      17 |   0.0 |   594
               +---------+---------+-------+---------+---------+-------+---------
           D:1 |       0 |      29 |   0.0 |       0 |      13 |   0.0 |   585
           D:2 |       0 |      20 |   0.0 |       0 |       4 |   0.0 |     9
               +---------+---------+-------+---------+---------+-------+---------
